| TOP OF THE 1ST |
|
Gastonia Rockets batting - Pitching for Greenville Spinners : RHP Tony Pedroza
|
|
Pitching: RHP Tony Pedroza
|
|
|
Batting: RHB Jackie Wright
|
0-0: Foul Ball, location: 2F 0-1: Ball 1-1: Ball 2-1: Foul Ball, location: 2F 2-2: Strikes out swinging
|
|
Batting: RHB James Crawford
|
0-0: Called Strike 0-1: Ball 1-1: Ball 2-1: Foul Ball, location: 2F 2-2: Ground out 5-3 (Groundball, 56, EV 78.1 MPH)
|
|
Batting: LHB Dale Holman
|
0-0: Ball 1-0: Ball 2-0: Ball 3-0: Called Strike 3-1: Base on Balls
|
|
Batting: RHB Mark Davidson
|
0-0: Ball 1-0: SINGLE (Groundball, 6D, EV 109.4 MPH) Dale Holman to second
|
|
Batting: RHB john W Russell
|
0-0: Ball 1-0: SINGLE (Groundball, 56D, EV 98.1 MPH) Dale Holman to third Mark Davidson to second Runner from 3rd tries for Home, SAFE, throw by LF to home
|
|
Batting: RHB Gary Skow
|
0-0: Ball 1-0: Foul Ball, location: 2F 1-1: Called Strike 1-2: Strikes out swinging
|
| Top of the 1st over - 1 run, 2 hits, 0 errors, 2 left on base; Gastonia 1 - Greenville 0 |
| BOTTOM OF THE 1ST |
|
Greenville Spinners batting - Pitching for Gastonia Rockets : RHP Jose Torres
|
|
Pitching: RHP Jose Torres
|
|
|
Batting: RHB Tony Russell
|
0-0: Ball 1-0: Foul Ball, location: 2F 1-1: Foul Ball, location: 2F 1-2: Ball 2-2: Strikes out looking
|
|
Batting: LHB John Edmonds
|
0-0: Ground out 6-3 (Groundball, 6, EV 87.5 MPH)
|
|
Batting: LHB William Hance
|
0-0: Called Strike 0-1: Foul Ball, location: 2F 0-2: Ball 1-2: Foul Ball, location: 2F 1-2: Ball 2-2: Ground out 3-1 (Groundball, 34, EV 80.0 MPH)
|
| Bottom of the 1st over - 0 runs, 0 hits, 0 errors, 0 left on base; Gastonia 1 - Greenville 0 |
| TOP OF THE 2ND |
|
Gastonia Rockets batting - Pitching for Greenville Spinners : RHP Tony Pedroza
|
|
Batting: RHB Lance Viola
|
0-0: Called Strike 0-1: Ball 1-1: Ground out 6-3 (Groundball, 6, EV 87.5 MPH)
|
|
Batting: RHB Jorge Monroig
|
0-0: Ground out 5-3 (Groundball, 56S, EV 86.9 MPH)
|
|
Batting: LHB Jon Lindsey
|
0-0: Ground out U3 (Groundball, 34, EV 83.8 MPH)
|
| Top of the 2nd over - 0 runs, 0 hits, 0 errors, 0 left on base; Gastonia 1 - Greenville 0 |
| BOTTOM OF THE 2ND |
|
Greenville Spinners batting - Pitching for Gastonia Rockets : RHP Jose Torres
|
|
Batting: RHB Ronald Carapezzi
|
0-0: Ball 1-0: Ball 2-0: Called Strike 2-1: Foul Ball, location: 2F 2-2: SINGLE (Flyball, 8LS, EV 90.6 MPH)
|
|
Batting: RHB Richard Duran
|
0-0: Called Strike 0-1: Ball 1-1: Ball 2-1: Foul Ball, location: 2F 2-2: Ball 3-2: Base on Balls Ronald Carapezzi to second
|
|
Batting: RHB Glenn Robertson
|
0-0: Ball 1-0: Grounds into double play, 3-6-3 (Groundball, 13, EV 80.6 MPH) Ronald Carapezzi to third
|
|
Batting: RHB Michael McEvilly
|
0-0: Swinging Strike 0-1: Called Strike 0-2: Ball 1-2: Ground out 4-3 (Groundball, 4, EV 107.5 MPH)
|
| Bottom of the 2nd over - 0 runs, 1 hit, 0 errors, 1 left on base; Gastonia 1 - Greenville 0 |
| TOP OF THE 3RD |
|
Gastonia Rockets batting - Pitching for Greenville Spinners : RHP Tony Pedroza
|
|
Batting: RHB Jackie Wright
|
0-0: Fly out, F2 (Popup, 23F, EV 92.5 MPH)
|
|
Batting: RHB James Crawford
|
0-0: Foul Ball, location: 2F 0-1: Ball 1-1: Swinging Strike 1-2: Strikes out swinging, 2-3 out at first.
|
|
Batting: LHB Dale Holman
|
0-0: Called Strike 0-1: Foul Ball, location: 2F 0-2: Ball 1-2: Fly out, F8 (Flyball, 8RD, EV 84.4 MPH)
|
| Top of the 3rd over - 0 runs, 0 hits, 0 errors, 0 left on base; Gastonia 1 - Greenville 0 |
| BOTTOM OF THE 3RD |
|
Greenville Spinners batting - Pitching for Gastonia Rockets : RHP Jose Torres
|
|
Batting: RHB Luis Salazar
|
0-0: Ball 1-0: Foul Ball, location: 2F 1-1: Ball 2-1: Ground out 5-3 (Groundball, 56, EV 106.3 MPH)
|
|
Batting: RHB Darrell Woodard
|
0-0: Fly out, F7 (Flyball, 78D, EV 90.6 MPH)
|
|
Batting: RHB Tony Russell
|
0-0: DOUBLE (Line Drive, 5D, EV 95.0 MPH)
|
|
Batting: LHB John Edmonds
|
0-0: Ball 1-0: Called Strike 1-1: Foul Ball, location: 2F 1-2: Foul Ball, location: 2F 1-2: Ball 2-2: Foul Ball, location: 2F 2-2: Ground out U3 (Groundball, 34, EV 91.9 MPH)
|
| Bottom of the 3rd over - 0 runs, 1 hit, 0 errors, 1 left on base; Gastonia 1 - Greenville 0 |
| TOP OF THE 4TH |
|
Gastonia Rockets batting - Pitching for Greenville Spinners : RHP Tony Pedroza
|
|
Batting: RHB Mark Davidson
|
0-0: Called Strike 0-1: Fly out, F8 (Line Drive, 8RD, EV 96.3 MPH)
|
|
Batting: RHB john W Russell
|
0-0: Foul Ball, location: 2F 0-1: Ball 1-1: Fly out, F9 (Flyball, 9LM, EV 108.1 MPH)
|
|
Batting: RHB Gary Skow
|
0-0: Called Strike 0-1: Swinging Strike 0-2: Ball 1-2: Ball 2-2: DOUBLE (Line Drive, 9LS, EV 95.6 MPH)
|
|
Batting: RHB Lance Viola
|
0-0: Swinging Strike 0-1: Swinging Strike 0-2: Strikes out looking
|
| Top of the 4th over - 0 runs, 1 hit, 0 errors, 1 left on base; Gastonia 1 - Greenville 0 |
| BOTTOM OF THE 4TH |
|
Greenville Spinners batting - Pitching for Gastonia Rockets : RHP Jose Torres
|
|
Batting: LHB William Hance
|
0-0: Ball 1-0: Ball 2-0: Ball 3-0: Called Strike 3-1: Base on Balls
|
|
Batting: RHB Ronald Carapezzi
|
0-0: Ball 1-0: Fly out, F8 (Line Drive, 8LM, EV 100.6 MPH)
|
|
Batting: RHB Richard Duran
|
0-0: Called Strike 0-1: Swinging Strike 0-2: Foul Ball, location: 2F 0-2: Grounds into double play, 6-4-3 (Groundball, 56, EV 85.6 MPH)
|
| Bottom of the 4th over - 0 runs, 0 hits, 0 errors, 0 left on base; Gastonia 1 - Greenville 0 |
| TOP OF THE 5TH |
|
Gastonia Rockets batting - Pitching for Greenville Spinners : RHP Tony Pedroza
|
|
Batting: RHB Jorge Monroig
|
0-0: Ball 1-0: Foul Ball, location: 2F 1-1: Ball 2-1: Ball 3-1: Called Strike 3-2: Strikes out swinging
|
|
Batting: LHB Jon Lindsey
|
0-0: Called Strike 0-1: Called Strike 0-2: Ball 1-2: Ball 2-2: Ball 3-2: Base on Balls
|
|
Batting: RHB Jackie Wright
|
0-0: Ball 1-0: Called Strike 1-1: Ball 2-1: Ball 3-1: Foul Ball, location: 2F 3-2: Base on Balls Jon Lindsey to second
|
|
Batting: RHB James Crawford
|
0-0: Called Strike Jon Lindsey steals 3rd base Jackie Wright to second 0-1: Called Strike 0-2: Ball 1-2: Ball 2-2: Ball 3-2: Base on Balls
|
|
Batting: LHB Dale Holman
|
0-0: Ball 1-0: Fielders Choice at 2nd, 6-4 (Groundball, 6, EV 93.8 MPH) Jon Lindsey scores Jackie Wright to third
|
|
Batting: RHB Mark Davidson
|
0-0: Ball 1-0: Swinging Strike 1-1: Foul Ball, location: 2F 1-2: Ball 2-2: Ball 3-2: Base on Balls Dale Holman to second
|
|
Batting: RHB john W Russell
|
0-0: Ball 1-0: Called Strike 1-1: SINGLE (Line Drive, 7LS, EV 87.5 MPH) Jackie Wright scores Dale Holman to third Mark Davidson to second Runner from 3rd tries for Home, SAFE, throw by LF to home
|
|
Batting: RHB Gary Skow
|
0-0: Ball 1-0: SINGLE (Line Drive, 8RS, EV 95.6 MPH) Mark Davidson to third john W Russell to second Runner from 3rd tries for Home, SAFE, throw by CF to home
|
|
Batting: RHB Lance Viola
|
0-0: Ground out 4-3 (Groundball, 4, EV 79.4 MPH)
|
| Top of the 5th over - 4 runs, 2 hits, 0 errors, 2 left on base; Gastonia 5 - Greenville 0 |
| BOTTOM OF THE 5TH |
|
Greenville Spinners batting - Pitching for Gastonia Rockets : RHP Jose Torres
|
|
Batting: RHB Glenn Robertson
|
0-0: Swinging Strike 0-1: Ground out 6-3 (Groundball, 6S, EV 68.1 MPH)
|
|
Batting: RHB Michael McEvilly
|
0-0: Swinging Strike 0-1: Swinging Strike 0-2: SINGLE (Line Drive, 89S, EV 95.0 MPH)
|
|
Batting: RHB Luis Salazar
|
0-0: DOUBLE (Line Drive, 3D, EV 96.3 MPH) Michael McEvilly to third Runner from 3rd tries for Home, SAFE, throw by RF to trailing runner, OUT at third! 9-3-5
|
|
Batting: RHB Darrell Woodard
|
0-0: Called Strike 0-1: Fly out, F9 (Flyball, 89M, EV 90.0 MPH)
|
| Bottom of the 5th over - 1 run, 2 hits, 0 errors, 0 left on base; Gastonia 5 - Greenville 1 |
| TOP OF THE 6TH |
|
Gastonia Rockets batting - Pitching for Greenville Spinners : RHP Tony Pedroza
|
|
Batting: RHB Jorge Monroig
|
0-0: Ball 1-0: Called Strike 1-1: Called Strike 1-2: Fly out, F7 (Flyball, 7, EV 75.0 MPH)
|
|
Batting: LHB Jon Lindsey
|
0-0: Fly out, F5 (Flyball, 5D, EV 89.4 MPH)
|
|
Batting: RHB Jackie Wright
|
0-0: Ground out 5-3 (Groundball, 5, EV 85.6 MPH)
|
| Top of the 6th over - 0 runs, 0 hits, 0 errors, 0 left on base; Gastonia 5 - Greenville 1 |
| BOTTOM OF THE 6TH |
|
Greenville Spinners batting - Pitching for Gastonia Rockets : RHP Jose Torres
|
|
Batting: RHB Tony Russell
|
0-0: Ball 1-0: Fly out, F8 (Flyball, 8LD, EV 95.0 MPH)
|
|
Batting: LHB John Edmonds
|
0-0: Called Strike 0-1: Ball 1-1: Foul Ball, location: 2F 1-2: Strikes out swinging
|
|
Batting: LHB William Hance
|
0-0: Ball 1-0: Ball 2-0: Ball 3-0: Called Strike 3-1: DOUBLE (Line Drive, 5D, EV 98.8 MPH)
|
|
Batting: RHB Ronald Carapezzi
|
0-0: Called Strike 0-1: SINGLE (Groundball, 6MD, EV 110.0 MPH) William Hance to third Runner from 3rd tries for Home, SAFE, throw by CF to home
|
|
Batting: RHB Richard Duran
|
0-0: Called Strike 0-1: Ball 1-1: Called Strike 1-2: Ball 2-2: Strikes out swinging
|
| Bottom of the 6th over - 1 run, 2 hits, 0 errors, 1 left on base; Gastonia 5 - Greenville 2 |
| TOP OF THE 7TH |
|
Gastonia Rockets batting - Pitching for Greenville Spinners : RHP Tony Pedroza
|
|
Batting: RHB James Crawford
|
0-0: Ball 1-0: Foul Ball, location: 2F 1-1: Ball 2-1: Ball 3-1: SINGLE (Groundball, 6MD, EV 96.9 MPH)
|
|
Batting: LHB Dale Holman
|
0-0: SINGLE (Line Drive, 9S, EV 94.4 MPH) James Crawford to second Runner from 2nd tries for 3rd, SAFE, throw by RF made to third
|
|
Batting: RHB Mark Davidson
|
0-0: Ball Wild Pitch! James Crawford scores Dale Holman to second 1-0: Ball 2-0: Called Strike 2-1: Foul Ball, location: 2F 2-2: SINGLE (Flyball, 89S, EV 88.1 MPH) Dale Holman to third Runner from 3rd tries for Home, SAFE, throw by CF to home Mark Davidson to second
|
|
Pitching: LHP Daniel Brown
|
|
|
Batting: RHB john W Russell
|
0-0: Ball 1-0: DOUBLE (Line Drive, 7LS, EV 108.1 MPH) Mark Davidson scores
|
|
Batting: RHB Gary Skow
|
0-0: Ball 1-0: Called Strike 1-1: Swinging Strike 1-2: Strikes out looking
|
|
Batting: RHB Lance Viola
|
0-0: Ball 1-0: DOUBLE (Flyball, 8RXD, EV 105.6 MPH) john W Russell scores
|
|
Batting: RHB Jorge Monroig
|
0-0: Ball 1-0: Swinging Strike 1-1: Foul Ball, location: 2F 1-2: Ground out 5-3 (Groundball, 56, EV 96.3 MPH)
|
|
Batting: LHB Jon Lindsey
|
0-0: Swinging Strike 0-1: Ball 1-1: Foul Ball, location: 2F 1-2: Ball 2-2: Ball 3-2: Foul Ball, location: 2F 3-2: Fly out, F7 (Flyball, 7D, EV 91.3 MPH)
|
| Top of the 7th over - 4 runs, 5 hits, 0 errors, 1 left on base; Gastonia 9 - Greenville 2 |
| BOTTOM OF THE 7TH |
|
Greenville Spinners batting - Pitching for Gastonia Rockets : RHP Jose Torres
|
|
Batting: RHB Glenn Robertson
|
0-0: Foul Ball, location: 2F 0-1: DOUBLE (Groundball, 5L, EV 107.5 MPH)
|
|
Batting: RHB Michael McEvilly
|
0-0: Ball 1-0: Foul Ball, location: 2F 1-1: Ground out 5-3 (Groundball, 5S, EV 71.9 MPH) Glenn Robertson to third
|
|
Batting: RHB Luis Salazar
|
0-0: Called Strike 0-1: Ball 1-1: Foul Ball, location: 2F 1-2: Strikes out swinging
|
|
Batting: RHB Darrell Woodard
|
0-0: Ball 1-0: Ball 2-0: Ground out 5-3 (Groundball, 56, EV 81.9 MPH)
|
| Bottom of the 7th over - 0 runs, 1 hit, 0 errors, 1 left on base; Gastonia 9 - Greenville 2 |
| TOP OF THE 8TH |
|
Gastonia Rockets batting - Pitching for Greenville Spinners : LHP Daniel Brown
|
|
Batting: RHB Jackie Wright
|
0-0: Called Strike 0-1: Fly out, F4 (Popup, 4D, EV 70.0 MPH)
|
|
Pinch Hitting: SHB Rodrigo Bellony
|
0-0: Ball 1-0: Ball 2-0: Called Strike 2-1: Ball 3-1: Called Strike 3-2: Ground out 5-3 (Groundball, 56, EV 108.1 MPH)
|
|
Batting: LHB Dale Holman
|
0-0: Called Strike 0-1: Ball 1-1: Swinging Strike 1-2: Ball 2-2: Strikes out looking
|
| Top of the 8th over - 0 runs, 0 hits, 0 errors, 0 left on base; Gastonia 9 - Greenville 2 |
| BOTTOM OF THE 8TH |
|
Greenville Spinners batting - Pitching for Gastonia Rockets : RHP Jose Torres
|
|
Now at 2B: Rodrigo Bellony
|
|
|
Batting: RHB Tony Russell
|
0-0: Foul Ball, location: 2F 0-1: Ball 1-1: DOUBLE (Line Drive, 78D, EV 104.4 MPH)
|
|
Batting: LHB John Edmonds
|
0-0: Called Strike 0-1: Called Strike 0-2: Foul Ball, location: 2F 0-2: SINGLE (Groundball, 56D, EV 103.8 MPH) Tony Russell to third Runner from 3rd tries for Home, SAFE, throw by LF to home
|
|
Batting: LHB William Hance
|
0-0: Ball 1-0: Foul Ball, location: 2F 1-1: Swinging Strike 1-2: Ball 2-2: Foul Ball, location: 2F 2-2: SINGLE (Groundball, 4M, EV 91.3 MPH) (infield hit) John Edmonds to second
|
|
Batting: RHB Ronald Carapezzi
|
0-0: Ball 1-0: Ball 2-0: Ball 3-0: Base on Balls John Edmonds to third William Hance to second
|
|
Batting: RHB Richard Duran
|
0-0: Swinging Strike 0-1: Fielders Choice at 3rd, U5 (Groundball, 5L, EV 85.6 MPH) John Edmonds scores Ronald Carapezzi to second
|
|
Batting: RHB Glenn Robertson
|
0-0: Ball 1-0: Foul Ball, location: 2F 1-1: Reached on error, E5 (Groundball, 5S, EV 81.9 MPH) Ronald Carapezzi to third Richard Duran to second
|
|
Batting: RHB Michael McEvilly
|
0-0: Foul Ball, location: 2F 0-1: SINGLE (Groundball, 56D, EV 110.6 MPH) Ronald Carapezzi scores Richard Duran to third Glenn Robertson to second Runner from 3rd tries for Home, SAFE, throw by LF to home
|
|
Pitching: RHP Harvey Akers
|
|
|
Batting: RHB Luis Salazar
|
0-0: Foul Ball, location: 2F 0-1: Ball 1-1: Ball 2-1: Swinging Strike 2-2: Ball 3-2: Strikes out swinging
|
|
Batting: RHB Darrell Woodard
|
0-0: Ball 1-0: Called Strike 1-1: Called Strike 1-2: Fly out, F9 (Flyball, 9D, EV 89.4 MPH)
|
| Bottom of the 8th over - 4 runs, 4 hits, 1 error, 2 left on base; Gastonia 9 - Greenville 6 |
| TOP OF THE 9TH |
|
Gastonia Rockets batting - Pitching for Greenville Spinners : LHP Daniel Brown
|
|
Pitching: RHP Scott Farmer
|
|
|
Batting: RHB Mark Davidson
|
0-0: Ball 1-0: Called Strike 1-1: Swinging Strike 1-2: Foul Ball, location: 2F 1-2: Ball 2-2: Strikes out swinging
|
|
Batting: RHB john W Russell
|
0-0: Ball 1-0: Ball 2-0: Ball 3-0: Called Strike 3-1: Foul Ball, location: 2F 3-2: Base on Balls
|
|
Batting: RHB Gary Skow
|
0-0: Ball 1-0: Ball 2-0: Ball 3-0: Called Strike 3-1: Called Strike 3-2: Base on Balls john W Russell to second
|
|
Batting: RHB Lance Viola
|
0-0: Ball 1-0: Ball 2-0: Ground out 5-3 (Groundball, 5S, EV 75.0 MPH) john W Russell to third Gary Skow to second
|
|
Batting: RHB Jorge Monroig
|
0-0: SINGLE (Line Drive, 7S, EV 102.5 MPH) john W Russell scores Gary Skow to third Runner from 3rd tries for Home, SAFE, throw by LF to home
|
|
Batting: LHB Jon Lindsey
|
0-0: Foul Ball, location: 2F 0-1: Ball 1-1: Ball 2-1: Fly out, F8 (Flyball, 8RM, EV 88.8 MPH)
|
| Top of the 9th over - 2 runs, 1 hit, 0 errors, 1 left on base; Gastonia 11 - Greenville 6 |
| BOTTOM OF THE 9TH |
|
Greenville Spinners batting - Pitching for Gastonia Rockets : RHP Harvey Akers
|
|
Batting: RHB Tony Russell
|
0-0: Ball 1-0: Called Strike 1-1: SINGLE (Line Drive, 56D, EV 99.4 MPH)
|
|
Batting: LHB John Edmonds
|
0-0: Ball 1-0: Reached on error, E6 (Groundball, 56, EV 89.4 MPH) Tony Russell to second
|
|
Batting: LHB William Hance
|
0-0: DOUBLE (Flyball, 89XD, EV 93.1 MPH) Tony Russell scores John Edmonds to third
|
|
Batting: RHB Ronald Carapezzi
|
0-0: Foul Ball, location: 2F 0-1: SINGLE (Groundball, 6D, EV 97.5 MPH) John Edmonds scores William Hance to third
|
|
Batting: RHB Richard Duran
|
0-0: Foul Ball, location: 2F 0-1: Foul Ball, location: 2F 0-2: Ball 1-2: Foul Ball, location: 2F 1-2: Fly out, F9 (Flyball, 9S, EV 96.3 MPH)
|
|
Pinch Hitting: LHB Glen Moon
|
0-0: Called Strike 0-1: Swinging Strike 0-2: Foul Ball, location: 2F 0-2: Ball 1-2: SINGLE (Flyball, 4D, EV 88.8 MPH) William Hance scores Ronald Carapezzi to second
|
|
Batting: RHB Michael McEvilly
|
0-0: Ball 1-0: Ball 2-0: Ball 3-0: Base on Balls Ronald Carapezzi to third Glen Moon to second
|
|
Pinch Hitting: RHB Byron Peyton
|
0-0: SINGLE (Line Drive, 78S, EV 90.0 MPH) Ronald Carapezzi scores Glen Moon to third Michael McEvilly to second Runner from 3rd tries for Home, SAFE, throw by LF to home
|
|
Pitching: LHP David Cammack
|
|
|
Batting: RHB Darrell Woodard
|
0-0: Ground out 6-3 (Groundball, 6MS, EV 91.9 MPH) Michael McEvilly to third Byron Peyton to second
|
|
Batting: RHB Tony Russell
|
0-0: Intentional Walk
|
|
Pinch Hitting: RHB Brandt Humphry
|
0-0: SINGLE (Groundball, 6MD, EV 100.0 MPH) Michael McEvilly scores
|
| Bottom of the 9th over - 6 runs, 6 hits, 1 error, 0 left on base; Gastonia 11 - Greenville 12 |
|